 Dungeon Crawl Stone Soup version 0.30-a0-567-gf7fd966b4a (webtiles) character file.

Game seed: 14697415787064207983

62008 gruber the Blocker (level 15, -1/115 HPs)
             Began as a Gnoll Ice Elementalist on Dec 28, 2022.
             Was an Initiate of Gozag.
             Slain by Donald
             ... wielding a +1 double sword of protection
              (34 damage)
             ... on level 2 of the Orcish Mines.
             The game lasted 00:36:09 (27168 turns).

gruber the Blocker (Gnoll Ice Elementalist)        Turns: 27168, Time: 00:36:09

Health: -1/115     AC: 21    Str: 15    XL:     15   Next: 4%
Magic:  21/30      EV: 19    Int: 20    God:    Gozag
Gold:   6394       SH:  5    Dex: 19    Spells: 16/36 levels left

rFire   + . .      SeeInvis +    E - +10 war axe of Baixi {speed, rC- rN+ Dex+6 SInv}
rCold   + . .      Faith    .    (no shield)
rNeg    + . .      Spirit   .    c - +2 robe {rC+ rF+}
rPois   .          Reflect  +    (no helmet)
rElec   .          Harm     .    l - +0 cloak
rCorr   .          Rampage  .    q - +2 pair of gloves
Will    +....                    a - +0 pair of boots
Stlth   +++++                    B - amulet of reflection
HPRegen 0.39/turn                z - +6 ring of strength
MPRegen 0.22/turn                G - ring of protection from cold

@: mighty, brilliant, ice-armoured, gold aura, freezing walls, studying 3 skills
A: fangs 1, strong nose, distributed training
a: Renounce Religion, Potion Petition, Call Merchant, Bribe Branch


You were on level 2 of the Orcish Mines.
You worshipped Gozag.
Gozag was greatly pleased with you.
You visited 4 branches of the dungeon, and saw 19 of its levels.
You also visited: Sewer, Bailey and Ice Cave.

You collected 7979 gold pieces.
You paid 1585 gold pieces to Gozag.

Inventory:

Hand Weapons
 E - the +10 war axe of Baixi (weapon) {speed, rC- rN+ Dex+6 SInv}
   (You found it on level 7 of the Dungeon)

   Attacks with this weapon are significantly faster.
   Dex:       It affects your dexterity (+6).
   rC:        It makes you vulnerable to cold.
   rN:        It protects you from negative energy.
   SInv:      It lets you see invisible.
 H - a +2 spear of freezing
 I - the +8 dagger of the Damp God {holy, Str+3 Int+2}
   (You found it on level 10 of the Dungeon)

   It has been blessed by the Shining One to cause great damage to the undead
   and demons.
   Str:       It affects your strength (+3).
   Int:       It affects your intelligence (+2).
Missiles
 w - 5 curare-tipped darts
Armour
 a - a +0 pair of boots (worn)
 c - a +2 robe of resistance (worn)
 l - a +0 cloak (worn)
 q - a +2 pair of gloves (worn)
Jewellery
 i - a ring of poison resistance
 z - a +6 ring of strength (left hand)
 B - an amulet of reflection (around neck)
 F - a +5 ring of evasion
 G - a ring of protection from cold (right hand)
 N - a ring of ice
 Q - a ring of resist corrosion
 U - a +5 ring of evasion
Wands
 o - a wand of roots (19)
 K - a wand of charming (7)
 L - a wand of quicksilver (7)
 P - a wand of mindburst (4)
 R - a wand of polymorph (6)
 S - a wand of flame (16)
Scrolls
 d - 2 scrolls of immolation
 g - 8 scrolls of enchant weapon
 r - 4 scrolls of magic mapping
 s - 4 scrolls of fear
 t - 4 scrolls of butterflies
 v - a scroll of enchant armour
 y - 7 scrolls of fog
 A - 3 scrolls of vulnerability
 C - 3 scrolls of noise
 D - 4 scrolls of teleportation
 O - 2 scrolls of blinking
 T - 2 scrolls of identify
Potions
 b - a potion of magic
 e - a potion of brilliance
 f - 2 potions of haste
 h - 2 potions of might
 j - 8 potions of curing
 k - a potion of lignification
 m - 3 potions of resistance
 n - a potion of flight
 p - 2 potions of invisibility
 u - 9 potions of heal wounds
 x - a potion of cancellation
 J - a potion of ambrosia
 M - 2 potions of attraction


   Skills:
 + Level 10.1 Fighting
 + Level 10.1 Short Blades
 + Level 10.1 Long Blades
 + Level 10.1 Axes
 + Level 10.1 Maces & Flails
 + Level 10.1 Polearms
 + Level 10.1 Staves
 + Level 10.1 Ranged Weapons
 + Level 10.1 Throwing
 + Level 12.8 Armour
 + Level 11.1 Dodging
 + Level 10.9 Stealth
 + Level 12.8 Shields
 + Level 10.1 Unarmed Combat
 + Level 11.2 Spellcasting
 + Level 8.4 Conjurations
 + Level 8.4 Hexes
 + Level 8.4 Summonings
 + Level 9.6 Necromancy
 + Level 8.4 Translocations
 + Level 8.4 Transmutations
 + Level 8.4 Fire Magic
 + Level 11.0 Ice Magic
 + Level 8.4 Air Magic
 + Level 8.4 Earth Magic
 + Level 8.4 Poison Magic
 + Level 11.0 Invocations
 + Level 10.1 Evocations


You had 16 spell levels left.
You knew the following spells:

 Your Spells              Type           Power      Damage    Failure   Level
a - Freeze                Ice            100%       1d10      1%          1
b - Frozen Ramparts       Ice            100%       1d16      1%          3
c - Ozocubu's Armour      Ice            70%        N/A       1%          3
d - Summon Ice Beast      Ice/Summ       66%        N/A       1%          4
e - Olgreb's Toxic Radia  Pois           61%        N/A       1%          4
f - Freezing Cloud        Conj/Ice/Air   32%        6-21      3%          5

Your spell library contained the following spells:

 Spells                   Type           Power      Damage    Failure   Level
 Magic Dart               Conj           100%       1d8       1%          1
 Sting                    Tmut/Pois      100%       1d8       1%          1
 Poisonous Vapours        Pois/Air       100%       N/A       1%          2
 Searing Ray              Conj           100%       2d8       1%          2
 Sublimation of Blood     Necr           66%        N/A       1%          2
 Call Canine Familiar     Summ           61%        N/A       1%          3
 Dazzling Flash           Conj/Hex       100%       N/A       1%          3
 Hailstorm                Conj/Ice       66%        3d14      1%          3
 Ignite Poison            Fire/Tmut/Pois 61%        N/A       1%          3
 Kindle Blastsparks       Fire/Tloc/Air  100%       2d18      1%          3
 Portal Projectile        Hex/Tloc       100%       N/A       1%          3
 Summon Guardian Golem    Hex/Summ       61%        N/A       1%          3
 Animate Armour           Summ/Erth      100%       N/A       1%          4
 Fulminant Prism          Conj/Hex       30%        3d16      1%          4
 Iskenderun's Mystic Bla  Conj/Tloc      61%        2d13      1%          4
 Leda's Liquefaction      Hex/Erth       30%        N/A       1%          4
 Petrify                  Tmut/Erth      61%        N/A       1%          4
 Blade Hands              Tmut           30%        N/A       5%          5
 Irradiate                Conj/Tmut      30%        3d21      5%          5
 Iron Shot                Conj/Erth      30%        9d6       28%         6
 Starburst                Conj/Fire      30%        6d9       28%         6
 Haunt                    Necr/Summ      31%        N/A       77%         7
 Orb of Destruction       Conj           30%        9d10      85%         7
 Spellforged Servitor     Conj/Summ      30%        N/A       85%         7
 Infestation              Necr           33%        N/A       100%        8
 Chain Lightning          Conj/Air       30%        3d40      100%        9
 Fire Storm               Conj/Fire      30%        8d8       100%        9
 Polar Vortex             Ice            35%        N/A       100%        9
 Shatter                  Erth           30%        3d25*     100%        9
 Animate Dead             Necr           Unusable   N/A       N/A         4
 Simulacrum               Ice/Necr       Unusable   N/A       N/A         6

Dungeon Overview and Level Annotations

Branches:
Dungeon (11/15)            Temple (1/1) D:4            Lair (5/5) D:9
  Swamp (0/4) Lair:3       Spider (0/4) Lair:2        Slime (0/5) Lair:4
    Orc (2/2) D:11          Sewer (visited)          Bailey (visited)
  IceCv (visited)
    Elf: Orc:2

Altars:
Ashenzari
Cheibriados
Dithmenos
Elyvilon
Fedhas
Gozag
Hepliaklqana
Kikubaaqudgha
Makhleb
Okawaru
Qazlal
Sif Muna
Trog
Uskayaw
Vehumet
Wu Jian
Xom
Yredelemnul
Jiyva

Shops:
Orc:1 =

Portals:
Trove: D:10 (give +5 demon blade)

Annotations:
D:8 3 runed translucent doors
Orc:2 Donald, Maurice


Innate Abilities, Weirdness & Mutations

You have very sharp teeth.
Your uncanny sense of smell can sniff out nearby items.
Your experience applies equally to all skills.


Message History

The wall freezes Donald but does no damage.
Donald closely misses you.
The wall freezes the orc warrior!
Unknown command.
Unknown command.
You hit the orc warrior.
You bite the orc warrior, but do no damage.
The orc warrior is heavily wounded.
Donald blocks your attack.
The orc warrior is poisoned.
The wall freezes Donald.
Donald hits you with a +1 double sword of protection!
Unknown command.
Unknown command.
You slash the orc warrior! Your bite misses the orc warrior.
The orc warrior is almost dead.
You hit Donald but do no damage.
The orc warrior looks even sicker.
The wall freezes the orc warrior.
The orc warrior hits you from afar with a +0 heavy trident!!
The wall freezes the orc warrior!
You kill the orc warrior!
The wall freezes Donald but does no damage.
Donald says, "I bet you have to pay people to get friends."
Donald hits you with a +1 double sword of protection!!
Unknown command.
Unknown command. [a] - 704 gold - resistance, invisibility, haste and brilliance [b] - 160 gold - might and brilliance [c] - 216 gold - heal wounds and curing Purchase which effect?
You feel very mighty all of a sudden.
You feel clever all of a sudden.
Your toxic aura wanes.
The wall freezes Donald!
Donald hits you with a +1 double sword of protection!!
* * * LOW HITPOINT WARNING * * *
Unknown command.
Unknown command.
Unknown command.
You feel much better.
The wall freezes Donald.
Donald hits you with a +1 double sword of protection!!
You die...
Your body crumbles into a pile of gold.

#...o..$...........###
∆#.@.......$...........
∆∆#..oo..o..............
∆#..$..@.o.............
#.....oo#.............
...#...#..o........$....
. ##.###.o.......$$....
#####o..$...........
#@@...............
........$...............
...#....##.....$......##
##....#........<..<#
#...###.#.....#..##
##.## ###..........$ ##
#...........
##..##.##..# ### ## ###


You could see Donald (fast, strong, very poisoned, reflecting), an orc knight
and an orc warrior (strong, very poisoned).

Vanquished Creatures
  An orc warlord (Orc:1)
  A dire elephant (Lair:5)
  A hydra (D:10)
  An ogre mage (D:10)
  A centaur warrior (D:10)
  3 boulder beetles
  2 catoblepae
  A two-headed ogre (D:11)
  Urug (Lair:2)
  Lodul (D:11)
  A fire crab (Lair:5)
  A deep elf pyromancer (D:10)
  Pikel (D:5)
  2 lindwurms (Lair:5)
  A necromancer (IceCv)
  A wolf spider (Lair:5)
  3 manticores
  An ugly thing (IceCv)
  A cyclops (Orc:2)
  An orc sorcerer (Orc:1)
  An oklob plant (Lair:3)
  10 black mambas
  A guardian serpent (Lair:5)
  An ice statue (IceCv)
  A gargoyle (D:10)
  A torpor snail (Lair:5)
  18 cane toads
  Maggie (D:7)
  3 rime drakes (Lair:5)
  4 anaconda simulacra (IceCv)
  11 ice devils (IceCv)
  Psyche (D:8)
  3 freezing wraiths (IceCv)
  6 komodo dragons
  5 trolls
  A meliai (Lair:2)
  4 hornets
  3 polar bears
  24 blink frogs
  Sigmund (D:5)
  2 dire elephant simulacra (IceCv)
  6 wraiths
  14 wyverns
  2 redbacks (Lair:5)
  3 steam dragons
  22 yaks
  4 vampire mosquitoes (D:11)
  A basilisk (Lair:5)
  3 death yak simulacra (IceCv)
  2 harpy simulacra (IceCv)
  5 wargs
  3 acid dragons
  Duvessa (D:7)
  26 water moccasins
  17 orc warriors
  2 black bears
  An ice beast (D:5)
  A sky beast (D:7)
  A swamp drake (Lair:3)
  Pargi (Sewer)
  14 ogres
  12 wolves
  22 centaurs
  2 lemures (D:5)
  6 kobold brigands
  Blork the orc (D:5)
  A gnoll sergeant (D:11)
  8 bullfrogs
  A necrophage (D:5)
  2 two-headed ogre simulacra (IceCv)
  8 cane toad simulacra (IceCv)
  5 wights (D:9)
  Dowan (D:7)
  4 elephant simulacra (IceCv)
  17 killer bees
  2 vampire bats (Lair:4)
  5 howler monkeys
  6 orc priests
  5 jellies
  Crazy Yiuf (D:3)
  9 hounds
  5 iguanas
  7 orc wizards
  3 polar bear simulacra (IceCv)
  2 hell rats (Lair:3)
  A troll simulacrum (IceCv)
  2 wolf simulacra (IceCv)
  7 gnolls
  6 river rats (Lair:3)
  8 adders
  A naga simulacrum (IceCv)
  A white imp (D:6)
  3 ufetubi
  3 worms
  3 dart slugs
  66 orcs
  8 ball pythons
  3 endoplasms
  8 giant cockroaches
  9 goblins
  5 hobgoblins
  25 kobolds
  8 quokkas
  8 bats
  5 frilled lizards
  9 rats
  A butterfly (D:4)
582 creatures vanquished.

Vanquished Creatures (collateral kills)
  Josephine (Orc:2)
  A cane toad (Lair:3)
  A komodo dragon (Lair:2)
  A basilisk (Lair:3)
  A warg (Orc:2)
  An orc warrior (Bailey)
  A centaur (Bailey)
  An iguana (Lair:3)
  An orc wizard (Orc:2)
  An orc (Bailey)
10 creatures vanquished.

Vanquished Creatures (others)
  An unseen horror (D:10)
  31 fungi
  60 plants
92 creatures vanquished.

Grand Total: 684 creatures vanquished

Notes
Turn   | Place    | Note
-------+----------+-------------------------------------------
     0 | D:1      | gruber the Gnoll Ice Elementalist began the quest for the
                  | Orb.
     0 | D:1      | Reached XP level 1. HP: 13/13 MP: 6/6
   123 | D:1      | Reached XP level 2. HP: 19/19 MP: 5/7
   578 | D:1      | Reached skill level 5 in Spellcasting
   578 | D:1      | Reached XP level 3. HP: 22/25 MP: 6/9
   960 | D:1      | Learned a level 3 spell: Frozen Ramparts
   964 | D:1      | Learned a level 3 spell: Ozocubu's Armour
  1054 | D:2      | Reached skill level 1 in Invocations
  1146 | D:2      | Reached skill level 1 in Fighting
  1146 | D:2      | Reached skill level 1 in Short Blades
  1146 | D:2      | Reached skill level 1 in Long Blades
  1146 | D:2      | Reached skill level 1 in Axes
  1146 | D:2      | Reached skill level 1 in Maces & Flails
  1146 | D:2      | Reached skill level 1 in Polearms
  1146 | D:2      | Reached skill level 1 in Staves
  1146 | D:2      | Reached skill level 1 in Ranged Weapons
  1146 | D:2      | Reached skill level 1 in Throwing
  1146 | D:2      | Reached skill level 1 in Armour
  1146 | D:2      | Reached skill level 1 in Shields
  1146 | D:2      | Reached skill level 1 in Unarmed Combat
  1146 | D:2      | Reached skill level 1 in Evocations
  1521 | D:2      | Reached XP level 4. HP: 32/32 MP: 8/11
  2111 | D:3      | Reached skill level 1 in Conjurations
  2111 | D:3      | Reached skill level 1 in Hexes
  2111 | D:3      | Reached skill level 1 in Summonings
  2111 | D:3      | Reached skill level 1 in Necromancy
  2111 | D:3      | Reached skill level 1 in Translocations
  2111 | D:3      | Reached skill level 1 in Transmutations
  2111 | D:3      | Reached skill level 1 in Fire Magic
  2111 | D:3      | Reached skill level 1 in Air Magic
  2111 | D:3      | Reached skill level 1 in Earth Magic
  2111 | D:3      | Reached skill level 1 in Poison Magic
  2659 | D:3      | Reached XP level 5. HP: 32/37 MP: 8/12
  2727 | D:3      | Found a runed translucent door.
  2728 | D:3      | Noticed Crazy Yiuf
  3064 | D:3      | Killed Crazy Yiuf
  3200 | D:4      | Found a staircase to the Ecumenical Temple.
  3214 | Temple   | Entered the Ecumenical Temple
  3220 | Temple   | Became a worshipper of Gozag Ym Sagoz the Greedy
  3293 | D:4      | Reached XP level 6. HP: 43/44 MP: 8/14
  3299 | D:4      | Reached skill level 5 in Dodging
  3366 | D:4      | Found a glowing drain.
  3391 | Sewer    | Entered a sewer
  3406 | Sewer    | Noticed Pargi
  3411 | Sewer    | Killed Pargi
  3656 | D:4      | Found a shadowy altar of Dithmenos.
  3703 | D:4      | Reached XP level 7. HP: 38/50 MP: 10/15
  3819 | D:4      | Found a white marble altar of Elyvilon.
  4075 | D:4      | Reached skill level 5 in Stealth
  4327 | D:5      | Entered Level 5 of the Dungeon
  4413 | D:5      | Noticed Pikel
  4449 | D:5      | Killed Pikel
  4450 | D:5      | Reached XP level 8. HP: 29/58 MP: 1/17
  5183 | D:5      | Noticed Blork the orc
  5191 | D:5      | Noticed Sigmund
  5194 | D:5      | Killed Blork the orc
  5204 | D:5      | Killed Sigmund
  5205 | D:5      | Reached XP level 9. HP: 17/65 MP: 2/18
  6679 | D:6      | Reached skill level 5 in Invocations
  6894 | D:6      | Learned a level 4 spell: Summon Ice Beast
  7356 | D:7      | Identified the +10 war axe of Baixi {speed, rC- rN+ Dex+6
                  | SInv}
  7568 | D:7      | Noticed Maggie
  7635 | D:7      | Noticed Duvessa
  7636 | D:7      | Noticed Dowan
  7660 | D:7      | Killed Dowan
  7663 | D:7      | Killed Duvessa
  7783 | D:7      | Found a basalt altar of Yredelemnul.
  7990 | D:7      | Reached skill level 5 in Fighting
  7990 | D:7      | Reached skill level 5 in Short Blades
  7990 | D:7      | Reached skill level 5 in Long Blades
  7990 | D:7      | Reached skill level 5 in Axes
  7990 | D:7      | Reached skill level 5 in Maces & Flails
  7990 | D:7      | Reached skill level 5 in Polearms
  7990 | D:7      | Reached skill level 5 in Staves
  7990 | D:7      | Reached skill level 5 in Ranged Weapons
  7990 | D:7      | Reached skill level 5 in Throwing
  7990 | D:7      | Reached skill level 5 in Armour
  7990 | D:7      | Reached skill level 5 in Shields
  7990 | D:7      | Reached skill level 5 in Unarmed Combat
  7990 | D:7      | Reached skill level 5 in Evocations
  7990 | D:7      | Reached XP level 10. HP: 63/74 MP: 12/20
  8119 | D:7      | Killed Maggie
  8586 | D:8      | Found a runed translucent gate.
  8588 | D:8      | Found a runed translucent gate.
  8588 | D:8      | Found a runed translucent gate.
  8588 | D:8      | Noticed a purple ugly thing
  8589 | D:8      | Noticed a red ugly thing
  8589 | D:8      | Noticed a glowing orange brain
  8591 | D:8      | Noticed a red ugly thing
  8591 | D:8      | Noticed a red ugly thing
  8607 | D:8      | Learned a level 4 spell: Olgreb's Toxic Radiance
  8629 | D:8      | Noticed Psyche
  8639 | D:8      | Killed Psyche
  9063 | D:8      | Found a flagged portal.
  9069 | Bailey   | Entered a bailey
 11485 | D:9      | Reached skill level 5 in Conjurations
 11485 | D:9      | Reached skill level 5 in Hexes
 11485 | D:9      | Reached skill level 5 in Summonings
 11485 | D:9      | Reached skill level 5 in Necromancy
 11485 | D:9      | Reached skill level 5 in Translocations
 11485 | D:9      | Reached skill level 5 in Transmutations
 11485 | D:9      | Reached skill level 5 in Fire Magic
 11485 | D:9      | Reached skill level 5 in Air Magic
 11485 | D:9      | Reached skill level 5 in Earth Magic
 11485 | D:9      | Reached skill level 5 in Poison Magic
 11548 | D:9      | Reached XP level 11. HP: 74/81 MP: 22/22
 11827 | D:9      | Found a staircase to the Lair.
 11888 | D:10     | Entered Level 10 of the Dungeon
 11888 | D:10     | Noticed a deep elf pyromancer
 11897 | D:10     | Killed a deep elf pyromancer
 11957 | D:10     | Identified the +8 dagger of the Damp God {holy, Str+3
                  | Int+2}
 11981 | Lair:1   | Entered Level 1 of the Lair of Beasts
 12334 | Lair:1   | Noticed a catoblepas
 12356 | Lair:1   | Killed a catoblepas
 13218 | Lair:2   | Found a hole to the Spider Nest.
 13686 | Lair:2   | Reached XP level 12. HP: 88/91 MP: 17/24
 14050 | Lair:2   | Noticed Urug
 14086 | Lair:2   | Killed Urug
 15565 | Lair:3   | Found a staircase to the Swamp.
 16304 | Lair:4   | Identified a scroll of acquirement
 16349 | Lair:4   | Found a frozen archway.
 16368 | IceCv    | Entered an ice cave
 17438 | IceCv    | Found an ancient bone altar of Kikubaaqudgha.
 17661 | IceCv    | Reached XP level 13. HP: 33/98 MP: 21/26
 18154 | IceCv    | Reached skill level 10 in Armour
 18154 | IceCv    | Reached skill level 10 in Shields
 18297 | IceCv    | Reached skill level 10 in Ice Magic
 19503 | Lair:4   | Learned a level 5 spell: Freezing Cloud
 20005 | Lair:4   | Reached skill level 10 in Spellcasting
 20154 | Lair:4   | Found a viscous altar of Jiyva.
 20156 | Lair:4   | Found a staircase to the Slime Pits.
 20770 | Lair:4   | Acquired 630 gold pieces
 20771 | Lair:4   | Acquired 962 gold pieces
 20793 | Lair:5   | Entered Level 5 of the Lair of Beasts
 21225 | Lair:5   | Reached skill level 10 in Dodging
 21562 | Lair:5   | Reached skill level 10 in Stealth
 21572 | Lair:5   | Reached XP level 14. HP: 39/108 MP: 6/28
 21573 | Lair:5   | Reached skill level 10 in Invocations
 22754 | Lair:5   | Noticed a dire elephant
 22776 | Lair:5   | Killed a dire elephant
 23914 | D:10     | Found a portal to a secret trove of treasure.
 24137 | D:10     | Found a blossoming altar of Fedhas.
 24221 | D:10     | Found a broken altar of Ashenzari.
 24306 | D:10     | Found a stormy altar of Qazlal.
 24926 | D:10     | Found a hide-covered altar of Uskayaw.
 25773 | D:11     | Noticed Lodul
 25782 | D:11     | Killed Lodul
 25873 | D:11     | Identified the +1 robe of Focus {Fly rF+}
 25924 | D:11     | Found a staircase to the Orcish Mines.
 26572 | Orc:1    | Entered Level 1 of the Orcish Mines
 26745 | Orc:1    | Found Zoanisox's Jewellery Emporium.
 26759 | Orc:1    | Noticed an orc warlord
 26777 | Orc:1    | Killed an orc warlord
 26778 | Orc:1    | Reached skill level 10 in Fighting
 26778 | Orc:1    | Reached skill level 10 in Short Blades
 26778 | Orc:1    | Reached skill level 10 in Long Blades
 26778 | Orc:1    | Reached skill level 10 in Axes
 26778 | Orc:1    | Reached skill level 10 in Maces & Flails
 26778 | Orc:1    | Reached skill level 10 in Polearms
 26778 | Orc:1    | Reached skill level 10 in Staves
 26778 | Orc:1    | Reached skill level 10 in Ranged Weapons
 26778 | Orc:1    | Reached skill level 10 in Throwing
 26778 | Orc:1    | Reached skill level 10 in Unarmed Combat
 26778 | Orc:1    | Reached skill level 10 in Evocations
 26936 | Orc:1    | You fall into a shaft and drop 1 floor!
 26936 | Orc:2    | Entered Level 2 of the Orcish Mines
 26962 | Orc:2    | Noticed Josephine
 26968 | Orc:2    | Killed Josephine
 26988 | Orc:2    | Reached XP level 15. HP: 115/115 MP: 1/30
 27152 | Orc:2    | Noticed Donald
 27153 | Orc:2    | Noticed Maurice
 27168 | Orc:2    | Slain by Donald

Illustrated notes

Levels and vault maps discovered:
D:1:      evilmike_arrival_home_sweet_home, layout_basic, minmay_pentomino_q2
D:2:      layout_loops_corners, bh_walls_and_bars
D:3:      layout_basic, solitary_fountain, nrook_campfire,
          minmay_stone_trees_medium, chequers_avenue, uniq_crazy_yiuf_cottage
D:4:      layout_basic, elyvilon_altar_1, nicolae_dithmenos_shadow_blocks,
          minmay_temple_entry_butterflies, portal_sewer_entry_f
D:5:      layout_basic, uniq_sigmund, uniq_blork_the_orc, uniq_pikel
D:6:      layout_loops_corners
D:7:      layout_gridville, mainiacjoe_overflow_cross_hatched, uniq_duvessa,
          uniq_maggie
D:8:      layout_rooms, ploomutoo_gammafunk_ghost_potion_laboratory,
          enter_bailey_2, uniq_psyche
D:9:      layout_roguey, lair_entry_dummy
D:10:     wad_guarded_room, layout_long_grid, general_overflow_altar,
          marbit_many_paths, mainiacjoe_overflow_swirl,
          nicolae_trove_entry_crossroad
D:11:     layout_basic, orc_0_dummy, chequers_jeans, uniq_lodul
Temple:   hellmonk_temple_two_chambers
Lair:1:   layout_concentric_octagons, serial_bayou_pond_e,
          infiniplex_staircase_pool_2, grunt_megastairs_4
Lair:2:   layout_hall_layers, hellmonk_spider_entry_not_the_bees,
          beast_lair_carwin_2, uniq_urug
Lair:3:   layout_gridlike, minmay_swamp_entry_reptiles, kennysheep_rathole
Lair:4:   layout_loops_ring, slime_entry_1, gauntlet_entry_generic,
          portal_ice_cave_entry_pillars_2, roderic_batcave
Lair:5:   hangedman_lair_in_review, layout_loops_ring,
          hangedman_lair_tendril_chambers
Orc:1:    layout_caves, serial_shops, shop, uniq_harold
Orc:2:    grunt_orc_tribal_feast, layout_caves, basic_altar,
          nicolae_shop_firing_range, uniq_josephine, uniq_donald, uniq_maurice,
          uniq_snorg

Skill      XL: |  1  2  3  4  5  6  7  8  9 10 11 12 13 14 15 |
---------------+----------------------------------------------+-----
Spellcasting   | 5 6 7 8 9 10 11 | 11.2
Invocations    | 1 2 3 4 5 6 7 8 9 10 11 | 11.0
Fighting       | 1 2 3 4 5 6 7 8 9 10 | 10.1
Short Blades   | 1 2 3 4 5 6 7 8 9 10 | 10.1
Long Blades    | 1 2 3 4 5 6 7 8 9 10 | 10.1
Axes           | 1 2 3 4 5 6 7 8 9 10 | 10.1
Maces & Flails | 1 2 3 4 5 6 7 8 9 10 | 10.1
Polearms       | 1 2 3 4 5 6 7 8 9 10 | 10.1
Staves         | 1 2 3 4 5 6 7 8 9 10 | 10.1
Ranged Weapons | 1 2 3 4 5 6 7 8 9 10 | 10.1
Throwing       | 1 2 3 4 5 6 7 8 9 10 | 10.1
Armour         | 1 2 3 4 5 6 8 9 11 12 | 12.8
Shields        | 1 2 3 4 5 6 8 9 11 12 | 12.8
Unarmed Combat | 1 2 3 4 5 6 7 8 9 10 | 10.1
Evocations     | 1 2 3 4 5 6 7 8 9 10 | 10.1
Conjurations   | 1 2 3 4 5 6 7 8 |  8.4
Hexes          | 1 2 3 4 5 6 7 8 |  8.4
Summonings     | 1 2 3 4 5 6 7 8 |  8.4
Necromancy     | 1 2 3 4 5 6 8 9 |  9.6
Translocations | 1 2 3 4 5 6 7 8 |  8.4
Transmutations | 1 2 3 4 5 6 7 8 |  8.4
Fire Magic     | 1 2 3 4 5 6 7 8 |  8.4
Air Magic      | 1 2 3 4 5 6 7 8 |  8.4
Earth Magic    | 1 2 3 4 5 6 7 8 |  8.4
Poison Magic   | 1 2 3 4 5 6 7 8 |  8.4
Dodging        | 5 6 7 8 9 10 11 | 11.1
Stealth        | 5 6 7 8 9 10 | 10.9
Ice Magic      | 8 9 10 11 | 11.0

Action                   |  1- 3 |  4- 6 |  7- 9 | 10-12 | 13-15 || total
-------------------------+-------+-------+-------+-------+-------++-------
Melee: Unarmed           |    16 |     5 |       |       |       ||    21
       Bite              |     2 |     4 |    25 |    67 |   101 ||   199
       Spear             |       |    75 |   125 |       |       ||   200
       Flail             |       |     1 |       |       |       ||     1
       Punch             |       |     1 |     6 |    37 |    44 ||    88
       Whip              |       |       |    47 |       |       ||    47
       War axe           |       |       |    32 |   516 |   474 ||  1022
       Dagger            |       |       |       |       |    72 ||    72
 Cast: Freeze            |    43 |    32 |    34 |     4 |       ||   113
       Frozen Ramparts   |     1 |     7 |    34 |    32 |    45 ||   119
       Ozocubu's Armour  |       |     2 |    15 |    39 |    45 ||   101
       Summon Ice Beast  |       |       |     1 |    28 |    14 ||    43
       Olgreb's Toxic Ra |       |       |       |    28 |    43 ||    71
       Freezing Cloud    |       |       |       |       |     9 ||     9
Invok: Potion Petition   |       |       |       |       |     4 ||     4
Evoke: Wand              |       |       |     1 |       |       ||     1
  Use: Potion            |       |       |     4 |     2 |     2 ||     8
       Scroll            |       |       |       |    20 |     2 ||    22
 Stab: Sleeping          |     2 |     7 |    11 |    10 |     7 ||    37
       Distracted        |       |       |     2 |     6 |     7 ||    15
Armor: Robe              |     8 |    18 |    59 |    88 |   141 ||   314
Dodge: Dodged            |    20 |    49 |   138 |   423 |   350 ||   980
Block: Other             |       |       |       |       |    20 ||    20

Table legend: (Time is in decaauts)
 A = Elapsed time spent in this place.
 B = Non-inter-level travel time spent in this place.
 C = Inter-level travel time spent in this place.
 D = Time resting spent in this place.
 E = Time spent auto-exploring this place.
 F = Levels seen in this place.
 G = Mean time per level.
                   A        B        C        D        E       F      G
               +--------+--------+--------+--------+--------+-----+--------+
         Total |  26829 |  26244 |    585 |    707 |  21335 |  22 | 1219.5 |
       Dungeon |  12714 |  12285 |    429 |     65 |  10496 |  11 | 1155.8 |
        Temple |     12 |      6 |      6 |      0 |      0 |   1 |   12.0 |
          Lair |   8553 |   8405 |    148 |    157 |   7109 |   5 | 1710.6 |
  Orcish Mines |    565 |    565 |      0 |      0 |    398 |   2 |  282.5 |
         Sewer |    230 |    230 |      0 |      0 |    179 |   1 |  230.0 |
        Bailey |   1745 |   1745 |      0 |      0 |   1397 |   1 | 1745.0 |
      Ice Cave |   3006 |   3006 |      0 |    485 |   1756 |   1 | 3006.0 |
               +--------+--------+--------+--------+--------+-----+--------+

Top non-repeatable levels by time:
   IceCv: 3006 daAuts
  Lair:5: 2679 daAuts
  Bailey: 1745 daAuts
    D:10: 1645 daAuts
  Lair:2: 1605 daAuts
  Lair:4: 1580 daAuts
     D:6: 1538 daAuts
  Lair:3: 1483 daAuts
     D:7: 1372 daAuts
     D:5: 1294 daAuts
    D:11: 1209 daAuts
  Lair:1: 1205 daAuts
     D:2: 1124 daAuts
     D:3: 1085 daAuts
     D:1: 975 daAuts
